 Dungeon Crawl Stone Soup version 0.24.0-10-g970556be89 (webtiles) character file.

Game seed: 18120198483512607824, levelgen mode: deterministic

211 FishyPogo the Grave Robber (level 5, 0/28 HPs)
             Began as a Deep Elf Necromancer on Nov 3, 2019.
             Slain by a bullfrog (6 damage)
             ... in a sewer.
             The game lasted 00:18:30 (3343 turns).

FishyPogo the Grave Robber (Deep Elf Necromancer)   Turns: 3343, Time: 00:18:31

Health: 0/28       AC:  3    Str:  2    XL:     5   Next: 57%
Magic:  10/15      EV: 14    Int: 21    God:
Gold:   167        SH:  0    Dex: 15    Spells: 6/15 levels left

rFire    . . .     SeeInvis .   (no weapon)
rCold    . . .     Gourm    .   (no shield)
rNeg     . . .     Faith    .   a - +1 robe
rPois    .         Spirit   .   (no helmet)
rElec    .         Reflect  .   (no cloak)
rCorr    .         Harm     .   (no gloves)
MR       .....                  (no boots)
Stlth    ++........             (no amulet)
HPRegen  1.09/turn              s - -3 ring of strength
MPRegen  0.14/turn              (no ring)

@: regenerating, hasted, very quick
A: no striking features
a: no special abilities


You were in a sewer.
You were not hungry.

You visited 1 branch of the dungeon, and saw 3 of its levels.
You also visited: Sewer.

You collected 167 gold pieces.

Inventory:

Hand Weapons
 u - a +3 antimagic whip
Missiles
 g - 56 stones (quivered)
 m - 3 javelins
Armour
 a - a +1 robe (worn)
Jewellery
 s - a -3 ring of strength (left hand)
Wands
 t - a wand of disintegration (8)
Scrolls
 b - a scroll of remove curse
 f - a scroll of blinking
 i - 3 scrolls of identify
 o - a scroll of enchant armour
Potions
 e - a potion of heal wounds
 j - a potion of haste
 n - 2 potions of curing
 p - a potion of brilliance {unknown}
Comestibles
 c - 5 rations
 d - 10 chunks of flesh


   Skills:
 + Level 3.9 Dodging
 - Level 3.0 Stealth
 * Level 5.6 Spellcasting
 + Level 6.1 Necromancy


You had 6 spell levels left.
You knew the following spells:

 Your Spells              Type           Power        Failure   Level  Hunger
a - Pain                  Necr           ####         1%          1    None
b - Animate Dead          Necr           N/A          9%          4    ####...
h - Regeneration          Chrm/Necr      ###.......   9%          3    ##.....
y - Animate Skeleton      Necr           N/A          1%          1    None

Your spell library contained the following spells:

 Spells                   Type           Power        Failure   Level  Hunger
 Vampiric Draining        Necr           ####......   2%          3    ##.....


Dungeon Overview and Level Annotations

Branches:
Dungeon (3/15)              Sewer (1/1)

Altars:

Annotations:
D:3 Grinder


Message History

Confirm with . or Enter, or press ? or * to list all spells.
Aiming: Pain (safe; 1% risk of failure)
Press: ? - help, Shift-Dir - straight line, f/p - bullfrog
Aim: a bullfrog (lightly wounded, chance to defeat MR: 84%)
The bullfrog barely resists.
The bullfrog hits you.
* * * LOW HITPOINT WARNING * * *
The bullfrog closely misses you.
Your ball python skeleton bites the bullfrog.
Your ball python skeleton constricts the bullfrog.
Casting: Pain (safe; 1% risk of failure)
Confirm with . or Enter, or press ? or * to list all spells.
Your skin crawls.
The bullfrog barely misses you. x2
Your ball python skeleton bites the bullfrog.
Your ball python skeleton constricts the bullfrog.
The bullfrog closely misses you.
The bullfrog hits you but does no damage.
It was a potion of haste.
You feel yourself speed up. The bullfrog hits you.
* * * LOW HITPOINT WARNING * * *
The bullfrog hits you.
You die...

≈# ≈≈≈≈≈≈≈≈####≈≈≈≈.# ≈#
≈≈≈≈≈≈≈≈≈≈≈≈≈##≈≈≈≈≈# ≈#
≈≈≈≈≈≈≈≈≈∩≈≈≈≈#≈≈≈≈.# .#
≈≈≈≈.≈≈≈..≈≈≈≈≈≈≈≈≈≈# ≈#
#≈≈≈≈≈...?.≈.≈.≈≈≈≈≈≈≈≈≈.# ≈#
#≈≈≈≈≈≈.[$[≈≈..≈≈≈≈≈≈≈≈≈≈# ≈#
#≈≈≈≈≈≈≈≈=.≈≈.≈≈≈≈≈≈≈≈≈≈≈# .#
#≈≈≈≈≈≈≈≈≈.≈≈≈.≈≈≈≈≈≈≈≈≈≈# .#
#≈≈≈≈≈≈≈≈≈≈@FZ≈≈≈≈≈≈≈≈≈.# .#
#≈≈≈≈≈≈≈≈≈≈≈F≈≈≈≈≈≈.≈≈≈≈#
≈#######≈≈≈≈≈≈≈≈≈≈≈≈≈≈≈≈.≈≈≈.#
..≈......÷..≈≈≈≈≈≈≈≈≈≈..≈≈≈≈.#
≈≈≈≈≈≈≈≈≈≈≈≈≈≈≈≈≈≈≈≈≈≈≈≈≈≈≈≈.#
≈≈≈≈≈≈≈≈≈≈≈≈≈≈≈≈≈≈≈≈≈≈≈≈≈≈≈≈.#
≈≈≈≈≈≈≈≈≈≈≈≈≈≈≈≈≈≈≈≈≈≈≈≈≈≈≈..#
≈≈≈.........................##
≈############################


You could see 2 bullfrogs and a friendly ball python skeleton.

Vanquished Creatures
  11 adders
  2 oozes
  4 worms (D:2)
  A dart slug (D:3)
  A leopard gecko (D:3)
  4 orcs (D:3)
  4 ball pythons
  9 giant cockroaches
  9 goblins
  5 hobgoblins
  4 jackals (D:2)
  9 kobolds
  A quokka (D:2)
  6 bats
  12 frilled lizards
  9 rats
91 creatures vanquished.

Vanquished Creatures (collateral kills)
  A ball python (D:2)
  A frilled lizard (Sewer)
2 creatures vanquished.

Grand Total: 93 creatures vanquished

Notes
Turn   | Place    | Note
-------+----------+-------------------------------------------
     0 | D:1      | FishyPogo the Deep Elf Necromancer began the quest for the
                  | Orb.
     0 | D:1      | Reached XP level 1. HP: 10/10 MP: 6/6
     2 | D:1      | Learned a level 1 spell: Animate Skeleton
   117 | D:1      | Reached skill level 5 in Necromancy
   537 | D:1      | Reached XP level 2. HP: 10/15 MP: 2/8
  1197 | D:2      | Reached XP level 3. HP: 13/19 MP: 5/10
  1356 | D:2      | Learned a level 3 spell: Regeneration
  1780 | D:2      | Reached XP level 4. HP: 18/24 MP: 10/12
  2282 | D:3      | Noticed Grinder
  2641 | D:3      | Reached skill level 5 in Spellcasting
  2641 | D:3      | Reached XP level 5. HP: 25/28 MP: 4/14
  2651 | D:3      | Learned a level 4 spell: Animate Dead
  2794 | D:3      | Noticed an eye of draining
  2905 | D:3      | Found a glowing drain.
  2909 | Sewer    | Entered a sewer
  3100 | Sewer    | Reached skill level 6 in Necromancy
  3343 | Sewer    | Slain by a bullfrog

Levels and vault maps discovered:
D:1:      evilmike_arrival_plus, layout_loops_corners
D:2:      layout_basic
D:3:      layout_loops_cross, trog_eyes_of_draining,
          lemuel_zombie_altar_kikubaaqudgha, gup_sewer_entry_bowl,
          mrwooster_statue_mirror, uniq_grinder
Sewer:    sewer_frog_island_01

Skill      XL: |  1  2  3  4  5 |
---------------+----------------+-----
Necromancy     | 5 6 |  6.1
Dodging        | 3 |  3.9
Stealth        | 3 |  3.0
Spellcasting   | 4 5 |  5.6

Action                   |  1- 3 |  4- 6 || total
-------------------------+-------+-------++-------
Melee: Unarmed           |     5 |    15 ||    20
       Whip              |       |     8 ||     8
 Cast: Pain              |    75 |    95 ||   170
       Animate Skeleton  |    12 |    11 ||    23
       Regeneration      |     2 |     4 ||     6
  Use: Scroll            |       |     8 ||     8
       Potion            |       |     5 ||     5
  Eat: Chunk             |     3 |     5 ||     8
Armor: Robe              |     3 |     8 ||    11
       Skin              |       |     9 ||     9
Dodge: Dodged            |    12 |    42 ||    54
